 Dungeon Crawl Stone Soup version 0.29.1-15-g9cfb28693d (webtiles) character file.

Game seed: 3008670819078551969

14 croobank the Sneak (level 2, -5/21 HPs)
             Began as an Octopode Delver on Feb 27, 2023.
             Slain by an iguana (15 damage)
             ... on level 5 of the Dungeon.
             The game lasted 00:01:22 (528 turns).

croobank the Sneak (Octopode Delver)                 Turns: 528, Time: 00:01:22

Health: -5/21      AC:  1    Str: 11    XL:     2   Next: 45%
Magic:  2/2        EV: 13    Int: 12    God:
Gold:   50         SH:  0    Dex: 13    Spells: 1/1 levels left

rFire   . . .      SeeInvis .   a - +0 hand axe
rCold   . . .      Faith    .   (no shield)
rNeg    . . .      Spirit   .   (helmet restricted)
rPois   .          Reflect  .   (no amulet)
rElec   .          Harm     .   (no ring)
rCorr   .          Rampage  .   (no ring)
Will    .....                   (no ring)
Stlth   ++++......              (no ring)
HPRegen 0.07/turn               (no ring)
MPRegen 0.08/turn               (no ring)
                                (no ring)
                                (no ring)

@: no status effects
A: almost no armour, amphibious, 8 rings, camouflage 1, gelatinous body 1,
(nimble swimmer 1), tentacles
a: no special abilities


You were on level 5 of the Dungeon.
You visited 1 branch of the dungeon, and saw 3 of its levels.

You collected 50 gold pieces.

Inventory:

Hand Weapons
 a - a +0 hand axe (weapon)
Wands
 f - a wand of digging (3)
 h - a wand of iceblast (5)
Scrolls
 b - a scroll of fog
 c - a scroll of magic mapping
 g - 2 scrolls of teleportation {unknown}
Potions
 d - a potion of heal wounds {unknown}
 e - a potion of berserk rage {unknown}


   Skills:
 + Level 3.2 Fighting
 + Level 2.2 Axes
 + Level 2.2 Dodging
 + Level 6.8 Stealth


You had one spell level left.
You didn't know any spells.
Your spell library contained the following spells:

 Spells                   Type           Power      Damage    Failure   Level
 Portal Projectile        Hex/Tloc       0%         N/A       69%         3
 Tukima's Dance           Hex            0%         N/A       69%         3
 Blade Hands              Tmut           0%         N/A       100%        5


Dungeon Overview and Level Annotations

Branches:
Dungeon (7/15)
 Temple: D:4-7

Altars:


Innate Abilities, Weirdness & Mutations

You cannot wear most types of armour.
You are amphibious.
You can wear up to eight rings at the same time.
Your skin changes colour to match your surroundings (Stealth+).
Your rubbery body absorbs attacks. (AC +1, EV +1)
((You are camouflaged when in or above water. (Stealth+)))
You have tentacles for arms and can constrict up to eight enemies at once.


Message History

Found 6 stones.
There is a stone staircase leading down here.
You climb downwards.
You hear the sound of rushing water.
There is an entrance to a sewer on this level.
Hurry and find it before the portal rusts away!
There is a stone staircase leading up here.
g - 2 scrolls labelled COPEAT AROGE (gained 1)
You now have 50 gold pieces (gained 17).
e - a glowing clear potion You hear the brisk rusting of a distant drain.
Your extra speed is starting to run out.
(D) Dungeon
Where to? (? - help)
You feel yourself slow down.
There is a stone staircase leading up here.
You climb upwards.
There is a stone staircase leading down here.
An iguana comes into view.
The iguana hisses angrily.
You see here a wand of iceblast (6).
h - a wand of iceblast (6)
Aiming: Iceblast
Press: ? - help, Shift-Dir - straight line, f - iguana
Aim: an iguana The mass of ice explodes!
The iceblast engulfs the iguana!
The iguana is heavily wounded.
You hear a shout! x2; You hear an angry hiss.
You hit the iguana. You grab the iguana.
The iguana is severely wounded.
You constrict the iguana, but do no damage.
The iguana bites you!
Ouch! That really hurt!
A quokka comes into view.
You are too injured to fight recklessly!
You hit the iguana but do no damage.
The iguana is severely wounded.
You constrict the iguana, but do no damage.
The iguana bites you!
Ouch! That really hurt!
You die...

...( #.[>##. # ..# #.#..#
#..##.# #....#......#
#..#.##
.#.#.#.#.#.####..##.#
............##>.†... ..##
#.#.......#....####.
...#..............# #>
#..#l#.....#.#..## #.
##..@............###.
#..#.#.#...#.#.#.....
#.....#.......#......##
.......#.#.#.#.#.#.#.#..#
.........................
..........#.........#####
##..r...#....###.#..#
#......#.###.##....#
##...#..# ##.#.#.##


You could see an iguana and a quokka.

Vanquished Creatures
  An adder (D:5)
  An ufetubus (D:6)
2 creatures vanquished.

Notes
Turn   | Place    | Note
-------+----------+-------------------------------------------
     0 | D:5      | croobank the Octopode Delver began the quest for the Orb.
     0 | D:5      | Reached XP level 1. HP: 16/16 MP: 1/1
   141 | D:6      | Noticed an ice beast
   350 | D:5      | Reached XP level 2. HP: 17/21 MP: 2/2
   423 | D:7      | Noticed a wight
   423 | D:7      | Noticed a wight
   423 | D:7      | Noticed a wight
   423 | D:7      | Noticed a wight
   424 | D:7      | Noticed a wight
   528 | D:5      | Slain by an iguana

Illustrated notes

Levels and vault maps discovered:
D:5:      layout_loops_ring, minmay_temple_entry_glassed_door,
          hangedman_decor_riveting, uniq_prince_ribbit1, uniq_grinder
D:6:      layout_basic, gammafunk_ghost_cemetery, lightli_sewer_entry_pipes
D:7:      dreamdust_elfheim, layout_rooms, grunt_temple_overflow_open

Action                   || total
-------------------------++-------
Melee: Hand axe          ||     9
       Constrict         ||     3
Evoke: Wand              ||     1
  Use: Scroll            ||     1
       Potion            ||     1
 Stab: Sleeping          ||     1
Armor: Skin              ||     1
Dodge: Dodged            ||    10
